 Dungeon Crawl Stone Soup version 0.27-a0-594-g2aaa8dbbc2 (webtiles) character file.

Game seed: 751066349129163161

11 EnegeticOcto the Chiller (level 2, -2/17 HPs)
             Began as a Halfling Ice Elementalist on Mar 11, 2021.
             Slain by an ufetubus (3 damage)
             ... on level 3 of the Dungeon.
             The game lasted 00:01:06 (97 turns).

EnegeticOcto the Chiller (Halfling Ice Elementalist)  Turns: 97, Time: 00:01:07

Health: -2/17      AC:  2    Str:  9    XL:     2   Next: 35%
Magic:  0/4        EV: 14    Int: 13    God:
Gold:   16         SH:  0    Dex: 14    Spells: 3/4 levels left

rFire    . . .     SeeInvis .   b - +0 dagger
rCold    . . .     Faith    .   (shield restricted)
rNeg     . . .     Spirit   .   a - +0 robe
rPois    .         Reflect  .   (no helmet)
rElec    .         Harm     .   (no cloak)
rCorr    .         Rampage  .   (no gloves)
Will     .....                  (no boots)
Stlth    ++........             (no amulet)
HPRegen  0.05/turn              (no ring)
MPRegen  0.09/turn              (no ring)

@: very slightly contaminated
A: small, mutation resistance 1
a: no special abilities


You were on level 3 of the Dungeon.
You visited 1 branch of the dungeon, and saw 3 of its levels.

You collected 16 gold pieces.

Inventory:

Hand Weapons
 b - a +0 dagger (weapon)
   (You found it on level 1 of the Dungeon)
Armour
 a - a +0 robe (worn)
Potions
 c - a potion of curing {unknown}


   Skills:
 - Level 2.1 Dodging
 - Level 2.1 Stealth
 - Level 1.5 Spellcasting
 + Level 4.5 Ice Magic


You had 3 spell levels left.
You knew the following spells:

 Your Spells              Type           Power      Damage    Failure   Level
a - Freeze                Ice            48%        1d7       4%          1

Your spell library contained the following spells:

 Spells                   Type           Power      Damage    Failure   Level
 Frozen Ramparts          Ice            24%        1d4       12%         3
 Ozocubu's Armour         Ice            12%        N/A       12%         3
 Hailstorm                Conj/Ice       6%         3d4       71%         4
 Summon Ice Beast         Ice/Summ       6%         N/A       71%         4


Dungeon Overview and Level Annotations

Branches:
Dungeon (3/15)

Altars:


Innate Abilities, Weirdness & Mutations

You are small and have problems with some larger weapons.
You are somewhat resistant to further mutation.


Message History

You freeze the adder.
The adder is heavily wounded.
The adder bites you.
Casting: Freeze (safe; 4% risk of failure)
Confirm with . or Enter, or press ? or * to list all spells.
Aiming: Freeze (safe; 4% risk of failure)
Press: ? - help, Shift-Dir - straight line, f/p - adder
Aim: an adder (heavily wounded)
You freeze the adder.
The adder is severely wounded.
The adder barely misses you.
Casting: Freeze (safe; 4% risk of failure)
Confirm with . or Enter, or press ? or * to list all spells.
Aiming: Freeze (safe; 4% risk of failure)
Press: ? - help, Shift-Dir - straight line, f/p - adder
Aim: an adder (severely wounded)
You freeze the adder.
You kill the adder!
You have reached level 2!
You now have 16 gold pieces.
Found a stone staircase leading down.
There is a stone staircase leading down here.
You climb downwards.
There is a stone staircase leading up here.
A bat comes into view.
The bat closely misses you.
You hit the bat but do no damage. The bat completely misses you.
The bat hits you but does no damage.
You hit the bat but do no damage. The bat barely misses you.
You hit the bat.
You kill the bat!
Found a scroll labelled ISCHOS DOULA.
An ufetubus comes into view.
The ufetubus shouts!
The ufetubus hits you. The ufetubus closely misses you.
Press: ? - help, v - describe, . - travel
Here: an ufetubus The floor.
Casting: Freeze (safe; 4% risk of failure)
Confirm with . or Enter, or press ? or * to list all spells.
Aiming: Freeze (safe; 4% risk of failure)
Press: ? - help, Shift-Dir - straight line, f - ufetubus
Aim: an ufetubus You miscast Freeze.
You are very lightly contaminated with residual magic.
Nothing appears to happen.
The ufetubus misses you. The ufetubus closely misses you.
Casting: Freeze (safe; 4% risk of failure)
Confirm with . or Enter, or press ? or * to list all spells.
Aiming: Freeze (safe; 4% risk of failure)
Press: ? - help, Shift-Dir - straight line, f/p - ufetubus
Aim: an ufetubus You miscast Freeze.
Nothing appears to happen.
The ufetubus hits you but does no damage.
The ufetubus barely misses you. The ufetubus hits you.
The ufetubus barely misses you.
Casting: Freeze (safe; 4% risk of failure)
Confirm with . or Enter, or press ? or * to list all spells.
Aiming: Freeze (safe; 4% risk of failure)
Press: ? - help, Shift-Dir - straight line, f/p - ufetubus
Aim: an ufetubus You miscast Freeze.
Nothing appears to happen.
The ufetubus misses you. The ufetubus barely misses you.
You hit the ufetubus.
The ufetubus is moderately wounded.
The ufetubus misses you. x3; The ufetubus closely misses you.
You hit the ufetubus.
The ufetubus is heavily wounded.
The ufetubus closely misses you. x2
You hit the ufetubus but do no damage.
The ufetubus is heavily wounded.
The ufetubus misses you. The ufetubus barely misses you.
The ufetubus closely misses you. x2
You hit the ufetubus but do no damage.
The ufetubus is heavily wounded.
The ufetubus misses you. The ufetubus closely misses you.
You miss the ufetubus.
The ufetubus is heavily wounded.
The ufetubus misses you. The ufetubus barely misses you. The ufetubus hits you.
The ufetubus closely misses you.
You hit the ufetubus but do no damage.
The ufetubus is heavily wounded.
The ufetubus closely misses you. The ufetubus barely misses you.
Casting: Freeze (safe; 4% risk of failure)
Confirm with . or Enter, or press ? or * to list all spells.
Aiming: Freeze (safe; 4% risk of failure)
Press: ? - help, Shift-Dir - straight line, f/p - ufetubus
Aim: an ufetubus (moderately wounded)
The ufetubus resists.
You freeze the ufetubus.
The ufetubus is almost dead.
The ufetubus barely misses you. x2; The ufetubus hits you.
* * * LOW HITPOINT WARNING * * *
The ufetubus hits you.
* * * LOW HITPOINT WARNING * * *
You miss the ufetubus.
The ufetubus is severely wounded.
The ufetubus hits you.
You die...

#....... .# .......
..#..# .# ###.#... .#..#
.# #<#.#.. ....#..#
#.#.#.######...#..#
####.#.#.#...........#
#....................
###.............#..##.#
................@..?..#
#.#...♣≈.P♣.#.###5.......
#.#...♣♣≈♣♣..............
# #...♣♣≈♣♣♣#.####.##.##.
#♣♣.♣P≈♣ .♣# .. # ♣♣♣≈≈♣
♣ ... ≈≈ .... .....


You could see an ufetubus.

Vanquished Creatures
  An adder (D:2)
  A bat (D:3)
  A frilled lizard (D:1)
  A rat (D:1)
4 creatures vanquished.

Notes
Turn   | Place    | Note
-------+----------+-------------------------------------------
     0 | D:1      | EnegeticOcto the Halfling Ice Elementalist began the quest
                  | for the Orb.
     0 | D:1      | Reached XP level 1. HP: 11/11 MP: 3/3
    53 | D:2      | Reached XP level 2. HP: 13/17 MP: 0/4
    97 | D:3      | Slain by an ufetubus

Illustrated notes

Levels and vault maps discovered:
D:1:      heliophobic_arrival_glass_houses, layout_rooms,
          minmay_tree_intersection, st_stairs_6
D:2:      cheibrodos_pilgrimage, layout_basic, chequers_jeans
D:3:      layout_basic, serial_bayou_crossing

Action                   || total
-------------------------++-------
Melee: Dagger            ||    10
 Cast: Freeze            ||     6
Armor: Robe              ||     2
Dodge: Dodged            ||    30

Table legend: (Time is in decaauts)
 A = Elapsed time spent in this place.
 B = Non-inter-level travel time spent in this place.
 C = Inter-level travel time spent in this place.
 D = Time resting spent in this place.
 E = Time spent auto-exploring this place.
 F = Levels seen in this place.
 G = Mean time per level.
                   A        B        C        D        E       F      G
               +--------+--------+--------+--------+--------+-----+--------+
         Total |     96 |     94 |      2 |      0 |      0 |   3 |   32.0 |
       Dungeon |     96 |     94 |      2 |      0 |      0 |   3 |   32.0 |
               +--------+--------+--------+--------+--------+-----+--------+

Top non-repeatable levels by time:
     D:1: 37 daAuts
     D:3: 32 daAuts
     D:2: 27 daAuts
